AoeStats
← F1re

Golden Pit

510141457Analyzed
1v1 RM · 2d ago on Sep 29, 2026· 58m 3s· 2 players
Game mode
Random Map
Map size
Tiny (2 player)
Population
200
Speed
Normal
Resources
Standard
Victory
Conquest
Starting age
Dark Age
Ending age
Imperial Age
RankedLock teamsTeams togetherTeam positionsShared explorationLock speedFull tech treeHidden civsTurbo modeCheats
Victory
Defeat
🇨🇦 Varangians · Canada
1058
+16
🇮🇸 Inca · Iceland
1052
-16
F1re
0:47 Loom
10:11 Feudal Age
12:25 Champi Runner
21:27 Castle Age
21:47 Pikeman
32:12 Imperial Age
30:20 Wheelbarrow
30:48 Squires
31:35 Elite Skirmisher
33:09 Thumb Ring
33:11 Fletching
34:43 Bodkin Arrow
35:42 Bracer
36:18 Halberdier
37:34 Hand Cart
38:49 Elite Kamayuk
40:17 Andean Sling
43:06 Conscription
43:25 Padded Archer Armor
43:26 Scale Mail Armor
43:36 Forging
47:09 Chain Mail Armor
47:29 Iron Casting
47:52 Fabric Shields
55:48 Plate Mail Armor
56:20 Blast Furnace
deragon.marcantoine
7:41 Loom
10:06 Feudal Age
13:34 Bloodlines
13:13 Double-Bit Axe
13:09 Horse Collar
20:26 Castle Age
18:22 Gold Mining
20:53 Stone Mining
29:33 Bow Saw
30:16 Heavy Plow
32:34 Wheelbarrow
32:40 Stone Shaft Mining
32:42 Husbandry
37:10 Imperial Age
35:18 Fletching
36:31 Bodkin Arrow
36:48 Forging
36:50 Scale Barding Armor
37:13 Ballistics
38:39 Conscription
38:41 Bracer
39:25 Iron Casting
40:19 Chain Barding Armor
42:28 Blast Furnace
42:05 Plate Barding Armor
43:59 Two-Man Saw
44:40 Hand Cart
44:59 Elite Jarl
47:24 Chemistry
47:16 Conscription
50:24 Town Watch
52:40 Town Patrol
53:13 Crop Rotation
52:51 Siege Engineers
55:12 Fortified Wall
57:19 Murder Holes
Connection lost

Rejoining the realm…

Still unreachable

The connection could not be restored.

Session expired

The server has moved on; the page needs a fresh start.